Map: Galactic Process LE

Players

Fropez

  • Race: Protoss Protoss
  • League: Gold
  • Spawn Location: 7:00

Papico - Winner!

  • Race: Zerg Zerg
  • League: Gold
  • Spawn Location: 1:00

VOD

Have the link to the VOD?

Description

Time

  • Played on: Nov. 7, 2016, 7:18 p.m.
  • Length: 22:05
Show
View Real Time Build Order
Export as new Build Order

Fropez Protoss 

Build Orders:  

Get SALT Encoding   

  12  0:01  Probe (Chrono Boost)  
  13  0:13  Probe (Chrono Boost)  
  14  0:18  Pylon  
  14  0:23  Probe (Chrono Boost)  
  15  0:36  Gateway  
  15  0:41  Assimilator  
  15  0:42  Probe (Chrono Boost)  
  16  0:52  Probe (Chrono Boost)  
  17  1:03  Probe (Chrono Boost)  
  18  1:13  Gateway  
  18  1:14  Probe (Chrono Boost)  
  19  1:23  Pylon  
  19  1:24  Probe (Chrono Boost)  
  20  1:25  Assimilator  
  20  1:35  Probe (Chrono Boost)  
  21  1:45  Cybernetics Core  
  21  1:49  Probe (Chrono Boost)  
  22  2:02  Probe (Chrono Boost)  
  22  2:03  Pylon  
  22  2:12  Probe (Chrono Boost)  
  23  2:21  Adept x2  
  27  2:24  Mothership Core (Chrono Boost)  
  29  2:32  Gateway  
  29  2:34  Warp Gate (Chrono Boost)  
  29  2:48  Stalker x2  
  33  3:12  Probe (Chrono Boost)  
  34  3:22  Probe (Chrono Boost)  
  35  3:28  Nexus  
  35  3:31  Pylon  
  35  3:32  Pylon  
  31  3:52  Probe (Chrono Boost)  
  31  3:55  Adept x2  
  36  3:58  Adept  
  38  4:03  Probe  
  38  4:09  Pylon  
  39  4:13  Pylon  
  39  4:15  Probe  
  40  4:28  Probe  
  41  4:34  Twilight Council  
  41  4:40  Probe x2  
  41  4:41  Robotics Facility  
  43  4:50  Adept  
  43  4:52  Probe x2  
  47  5:04  Pylon  
  47  5:06  Probe  
  47  5:07  Probe  
  47  5:11  Stalker  
  47  5:13  Adept  
  53  5:17  Probe  
  53  5:20  Resonating Glaives (Chrono Boost)  
  54  5:29  Probe, Assimilator  
  54  5:31  Assimilator  
  55  5:43  Gateway  
  55  5:44  Probe x2  
  55  5:48  Gateway  
  57  5:52  Warp Prism  
  59  5:58  Adept  
  59  5:59  Adept  
  63  6:07  Probe  
  63  6:08  Probe  
  65  6:11  Adept  
  67  6:20  Probe  
  68  6:27  Pylon  
  68  6:28  Probe, Immortal  
  73  6:44  Pylon, Sentry  
  73  6:45  Sentry x4  
  83  6:54  Probe  
  84  7:01  Pylon  
  84  7:03  Probe  
  84  7:05  Pylon  
  84  7:06  Probe  
  86  7:14  Probe  
  86  7:18  Gateway  
  86  7:21  Immortal  
  91  7:25  Forge, Probe  
  92  7:41  Adept x2  
  92  7:42  Adept x3  
  92  8:18  Immortal (Chrono Boost)  
  92  8:19  Stalker x5  
  96  8:21  Protoss Ground Weapons Level 1 (Chrono Boost)  
  96  8:25  Charge (Chrono Boost)  
  100  8:51  Nexus  
  100  8:57  Probe  
  100  8:59  Probe  
  102  9:03  Zealot x4  
  102  9:04  Zealot x2  
  114  9:23  Pylon  
  114  9:25  Pylon  
  114  9:30  Adept x3  
  114  9:31  Adept x3  
  118  10:04  Zealot x4  
  118  10:05  Probe, Zealot x2  
  118  10:06  Probe  
  128  10:18  Probe x2  
  130  10:25  Pylon  
  130  10:27  Pylon  
  130  10:29  Assimilator  
  130  10:32  Probe x2  
  130  10:34  Assimilator  
  132  10:37  Probe  
  132  10:39  Pylon  
  132  10:42  Photon Cannon  
  133  10:44  Probe, Photon Cannon, Stalker  
  133  10:45  Stalker x2  
  106  11:14  Probe x2  
  108  11:18  Probe  
  108  11:20  Immortal  
  108  11:24  Protoss Ground Weapons Level 2  
  113  11:26  Probe  
  114  11:33  Probe  
  114  11:35  Probe  
  116  11:57  Nexus  
  116  12:01  Assimilator  
  116  12:04  Assimilator  
  116  12:07  Pylon  
  116  12:10  Pylon  
  116  12:14  Pylon, Probe  
  116  12:15  Probe x2  
  118  12:18  Pylon  
  119  12:31  Templar Archives  
  119  12:33  Pylon  
  119  12:36  Pylon, Dark Shrine  
  119  12:38  Zealot x5  
  119  12:39  Zealot  
  119  12:42  Pylon  
  128  13:03  Sentry x2, Zealot  
  128  13:04  Zealot x3  
  140  13:38  Photon Cannon  
  140  13:40  Photon Cannon  
  140  13:42  Photon Cannon  
  140  13:55  Protoss Ground Weapons Level 3 (Chrono Boost)  
  140  14:10  Nexus  
  140  14:11  Pylon  
  140  14:13  Photon Cannon  
  140  14:14  Photon Cannon  
  140  14:15  Photon Cannon  
  140  14:18  Pylon  
  140  14:20  Pylon  
  140  14:24  High Templar x6, Photon Cannon  
  144  14:28  Archon x3  
  152  14:58  Adept x3  
  152  14:59  Adept x3, Probe  
  164  15:00  Probe  
  164  15:01  Probe  
  164  15:02  Nexus  
  164  15:03  Assimilator  
  164  15:04  Assimilator  
  164  15:05  Pylon x2  
  167  15:07  Pylon x2  
  167  15:10  Probe  
  167  15:12  Probe  
  167  15:13  Probe  
  170  15:16  Observer  
  170  15:18  Pylon  
  168  15:34  High Templar x2  
  168  15:35  High Templar x4  
  180  15:38  Archon x2  
  180  15:39  Archon  
  172  15:51  Observer  
  156  16:12  Stalker x6  
  168  16:22  Observer  
  165  16:32  Protoss Ground Armor Level 1 (Chrono Boost)  
  163  16:35  Gateway  
  163  16:38  Gateway  
  149  16:40  Gateway  
  141  16:48  Probe, Gateway x2  
  141  16:49  Probe  
  141  16:50  Probe x2  
  145  16:59  Probe x2  
  147  17:02  Probe x2, Stalker x2  
  147  17:03  Stalker  
  147  17:04  Zealot x3  
  161  17:10  Probe x2  
  161  17:13  Gateway  
  161  17:14  Probe  
  161  17:15  Gateway  
  150  17:36  Stalker x6  
  137  17:43  Dark Templar  
  113  17:51  Probe  
  113  17:52  Probe  
  113  17:53  Probe x2  
  112  18:05  Dark Templar x5  
  122  18:13  Protoss Shields Level 1 (Chrono Boost)  
  100  18:45  High Templar x4  
  100  18:46  High Templar x6  
  100  18:47  High Templar  
  122  18:49  Archon x2  
  122  18:50  Archon x3  
  122  18:51  Probe  
  122  18:52  Probe x2  
  125  19:09  Nexus  
  124  19:10  Pylon  
  124  19:13  Pylon  
  124  19:21  Nexus  
  124  19:23  Pylon  
  124  19:24  Pylon  
  124  19:26  Assimilator  
  124  19:31  Assimilator  
  124  19:33  Pylon, Dark Templar  
  124  19:36  Dark Templar x5  
  124  19:37  Pylon, Dark Templar  
  116  19:56  Dark Templar x2  
  116  19:57  Dark Templar x2  
  120  20:11  Zealot x5  
  120  20:12  Zealot x2  
  102  20:37  Assimilator  
  102  20:38  Stalker x4  
  102  20:39  Assimilator, Stalker  
  110  20:46  Photon Cannon x2  
  110  20:49  Photon Cannon  
  105  21:27  High Templar x4  
  105  21:28  High Templar x3  
  105  21:30  Zealot x2  
  105  21:31  Zealot x3  
  105  21:32  Zealot  
  123  21:33  Archon x3  
  81  21:51  Zealot x4  
  81  21:52  Zealot x2  
Show
View Real Time Build Order
Export as new Build Order

Papico Zerg - Winner!

Build Orders: Pool First, Lurkers 

Get SALT Encoding   

  12  0:02  Drone  
  13  0:13  Overlord  
  13  0:17  Drone  
  14  0:31  Drone x2  
  14  0:34  Drone  
  17  0:45  Drone  
  18  0:52  Spawning Pool  
  18  0:56  Drone  
  18  1:00  Extractor  
  17  1:07  Drone  
  18  1:20  Hatchery  
  18  1:23  Drone  
  18  1:30  Overlord  
  18  1:42  Queen  
  18  1:45  Zergling x2  
  21  1:52  Zergling x2  
  22  2:11  Metabolic Boost  
  22  2:13  Drone x2  
  24  2:19  Queen  
  26  2:23  Drone  
  27  2:32  Overlord  
  27  2:53  Drone x3  
  27  2:54  Drone x3  
  33  3:05  Zergling x6  
  36  3:12  Roach Warren, Zergling x2  
  34  3:23  Zergling x2  
  34  3:24  Zergling x2  
  34  3:46  Drone x4  
  34  3:47  Drone x2  
  40  3:53  Drone x2  
  42  4:02  Drone  
  43  4:10  Hatchery  
  43  4:17  Overlord x2, Roach  
  43  4:18  Overlord  
  43  4:21  Lair  
  43  4:24  Extractor  
  43  4:25  Drone  
  43  4:46  Roach x4  
  43  4:47  Roach  
  43  4:49  Overlord  
  53  4:55  Pneumatized Carapace  
  53  5:03  Roach x4  
  61  5:08  Roach  
  61  5:12  Roach  
  65  5:23  Roach  
  71  5:35  Roach x2  
  71  5:36  Overlord x2, Roach  
  73  5:47  Extractor  
  73  5:49  Extractor  
  71  5:55  Hydralisk Den  
  71  5:56  Evolution Chamber  
  70  5:57  Evolution Chamber, Drone x3  
  70  5:58  Drone x2  
  70  5:59  Drone  
  74  6:04  Overlord, Roach x2  
  74  6:05  Overlord  
  74  6:06  Drone  
  79  6:16  Overseer  
  79  6:21  Drone x6  
  85  6:28  Zerg Missile Weapons Level 1  
  85  6:35  Drone x3  
  85  6:36  Drone  
  89  6:42  Drone x3, Roach  
  94  7:01  Hydralisk x6  
  106  7:10  Hydralisk x2  
  106  7:13  Overlord x2  
  110  7:20  Hydralisk  
  110  7:22  Overlord x2  
  112  7:24  Drone  
  112  7:29  Extractor  
  112  7:31  Extractor  
  112  7:36  Drone x3  
  112  7:37  Drone x2  
  116  7:38  Overseer  
  116  7:50  Hatchery  
  97  8:21  Drone x5  
  97  8:26  Drone x2  
  104  8:27  Drone  
  104  8:28  Drone x2  
  104  8:29  Drone x4  
  104  8:32  Glial Reconstitution  
  104  8:33  Lurker Den  
  108  8:48  Drone x7  
  111  8:55  Hydralisk x3  
  121  9:30  Drone x2  
  121  9:31  Drone x2  
  125  9:33  Drone x2  
  125  9:36  Hydralisk x4, Roach x3  
  125  9:37  Roach  
  127  10:23  Hydralisk x5  
  127  10:24  Hydralisk x3  
  127  10:25  Overlord x3, Drone  
  127  10:26  Drone x4  
  148  10:47  Hydralisk x4  
  148  10:48  Roach x3  
  148  10:49  Roach x3  
  166  11:01  Hydralisk, Roach x3  
  132  11:16  Drone  
  132  11:17  Drone x4  
  131  11:19  Drone  
  131  11:20  Drone x2  
  131  11:25  Lurker x4  
  138  11:31  Hydralisk  
  138  11:32  Drone x3  
  141  11:36  Overlord  
  141  11:41  Infestation Pit, Muscular Augments  
  141  11:43  Zerg Missile Weapons Level 2  
  141  11:44  Zerg Ground Armor Level 1  
  140  11:52  Lurker  
  140  12:07  Hydralisk, Roach x3  
  140  12:08  Hydralisk x4, Roach x3  
  158  12:09  Roach  
  164  12:23  Drone x4  
  168  12:31  Hatchery  
  168  12:33  Overlord x2  
  168  12:34  Drone x2  
  169  13:42  Hydralisk x2, Roach x2  
  169  13:43  Hydralisk, Roach x3  
  169  13:44  Overlord x2, Roach x2  
  189  14:09  Extractor, Drone x11  
  199  14:10  Extractor  
  198  14:25  Extractor  
  198  14:30  Drone, Roach  
  200  14:31  Overlord x2  
  200  14:32  Overlord  
  200  14:33  Extractor  
  199  14:41  Hive  
  197  15:59  Roach  
  190  16:09  Lurker  
  190  16:10  Lurker  
  192  16:11  Lurker  
  192  16:12  Lurker  
  182  17:00  Hydralisk x5, Roach x6  
  182  17:01  Hydralisk, Overlord x2  
  195  17:02  Drone  
  158  17:50  Hydralisk x5, Roach x8  
  158  17:51  Hydralisk x2  
  182  18:05  Overseer  
  182  18:07  Overseer  
  166  18:43  Extractor  
  166  18:45  Hatchery  
  166  18:48  Extractor  
  163  19:04  Hatchery  
  162  19:13  Ultralisk Cavern, Hatchery  
  145  19:43  Hydralisk x4, Roach x6  
  147  20:14  Lair  
  145  20:33  Ultralisk x6  
  145  20:34  Ultralisk x3  
  199  20:58  Lair  
  199  21:27  Hatchery  
  199  21:28  Extractor  
  199  21:30  Extractor  
  180  21:42  Roach  
Tags
 
Composition
Lurkers
League
GoldGold
Matchup
PvZ
Opening
Pool First
Replay Pack
All Mines
Spawn Locations
Cross Positions
Add a new tag
Caveats
  • Supply blocks, unpowered buildings, or Contaminate may cause inaccurate times.
  • Supply counts are checked every 10 seconds.